 Dungeon Crawl Stone Soup version 0.21.0-3-g78d12a8 (webtiles) character file.

287 letownia2 the Ruffian (level 6, -5/40 HPs)
             Began as a Gargoyle Fighter on Jan 11, 2018.
             Was an Initiate of Gozag.
             Killed by divine providence
             ... invoked by an orc priest
              (12 damage)
             ... on level 4 of the Dungeon.
             The game lasted 00:04:59 (3095 turns).

letownia2 the Ruffian (Gargoyle Fighter)            Turns: 3095, Time: 00:04:59

Health: -5/40      AC: 11    Str: 20    XL:     6   Next: 30%
Magic:  6/6        EV:  9    Int: 10    God:    Gozag
Gold:   433        SH:  0    Dex:  9    Spells: 5/5 levels left

rFire    . . .     SeeInvis .     - Unarmed
rCold    . . .     Gourm    .   (no shield)
rNeg     + . .     Faith    .   a - +0 scale mail
rPois    ∞         Spirit   .   (no helmet)
rElec    +         Reflect  .   (no cloak)
rCorr    .         Harm     .   (no gloves)
MR       .....                  (no boots)
Stlth    ..........             (no amulet)
HPRegen  0.13/turn              (no ring)
MPRegen  0.10/turn              (no ring)

@: no status effects
A: negative energy resistance 1, electricity resistance, unbreathing,
petrification resistance, rot immunity, AC +4
a: Potion Petition, Call Merchant, Bribe Branch, Renounce Religion


You were on level 4 of the Dungeon.
You worshipped Gozag.
Gozag was aware of your devotion.
You were not hungry.

You visited 1 branch of the dungeon, and saw 4 of its levels.

You collected 444 gold pieces.
You paid 11 gold pieces to Gozag.

Inventory:

Armour
 a - a +0 scale mail (worn)
 b - a +0 shield
Wands
 n - a wand of iceblast (9)
Scrolls
 e - 2 scrolls of identify {unknown}
 f - a scroll of noise {unknown}
 g - a scroll of remove curse {unknown}
 j - a scroll of teleportation {unknown}
 k - a scroll of amnesia {unknown}
 l - a scroll of enchant armour {unknown}
 q - a scroll of fear {unknown}
 r - a scroll of magic mapping {unknown}
Potions
 c - a potion of might
 h - a potion of cancellation {unknown}
 i - a potion of mutation {unknown}
 m - a potion of flight {unknown}
 o - a potion of lignification {unknown}
 p - a potion of heal wounds {unknown}
Comestibles
 d - 5 rations


   Skills:
 + Level 5.2 Fighting
 - Level 3.2 Armour
 - Level 3.2 Shields
 + Level 5.2 Unarmed Combat


You had 5 spell levels left.
You didn't know any spells.

Dungeon Overview and Level Annotations

Branches:
Dungeon (4/15)
 Temple: D:4-7

Altars:
Dithmenos
Gozag
Nemelex Xobeh
Xom
Yredelemnul


Innate Abilities, Weirdness & Mutations

You are resistant to torment.
Your stone body is resilient. (AC +4)
You are immune to poison.
You resist negative energy. (rN+)
You are resistant to electric shocks. (rElec)
You can survive without breathing.
You are immune to petrification.
You are immune to rotting.


Message History

The orc priest hits you but does no damage.
Unknown command.
You barely miss the orc priest.
The orc priest is severely wounded.
The orc hits you from afar with a trident.
Unknown command.
You closely miss the orc priest.
The orc priest is severely wounded.
The orc priest invokes the aid of Beogh against you.
You are unaffected.
The orc closely misses you.
Unknown command.
You hit the orc priest.
The orc priest is severely wounded.
The orc priest mumbles some strange prayers to Beogh against you.
Beogh smites you!
* * * LOW HITPOINT WARNING * * *
The orc priest invokes the aid of Beogh against you.
Beogh smites you!
You die...
Your body crumbles into a pile of gold.

#################
#.............@.#
#.#############o#
#.# #o# #.# #o#
#.# #o# ###.###
#.# ......### #.#
#...#...# #.#
#...#.#.# #.#


You could see 2 orc priests and 2 orcs.

Vanquished Creatures
  Eustachio (D:4)
  A worker ant (D:4)
  5 adders
  2 worms
  3 dart slugs
  3 leopard geckos
  An orc (D:3)
  3 giant cockroaches
  6 goblins
  9 hobgoblins
  3 jackals (D:2)
  A quokka (D:3)
  11 bats
  10 frilled lizards
  A jackal skeleton (D:4)
  7 kobolds
  8 rats
75 creatures vanquished.

Notes
Turn   | Place    | Note
-------+----------+-------------------------------------------
     0 | D:1      | letownia2 the Gargoyle Fighter began the quest for the Orb.
     0 | D:1      | Reached XP level 1. HP: 14/14 MP: 1/1
   397 | D:2      | Reached XP level 2. HP: 17/19 MP: 2/2
   650 | D:2      | Found a faded altar of an unknown god.
   650 | D:2      | Found a shadowy altar of Dithmenos.
   671 | D:2      | Found a faded altar of an unknown god.
   674 | D:2      | Found a basalt altar of Yredelemnul.
   676 | D:2      | Found a shimmering altar of Xom.
   692 | D:2      | Reached XP level 3. HP: 21/23 MP: 3/3
   813 | D:2      | Found a sparkling altar of Nemelex Xobeh.
   814 | D:2      | Found an opulent altar of Gozag.
   819 | D:2      | Became a worshipper of Gozag Ym Sagoz the Greedy
  1045 | D:2      | Reached XP level 4. HP: 17/28 MP: 4/4
  2266 | D:3      | Reached XP level 5. HP: 33/33 MP: 5/5
  2690 | D:4      | Noticed Eustachio
  2772 | D:4      | Killed Eustachio
  2772 | D:4      | Reached skill level 5 in Fighting
  2772 | D:4      | Reached skill level 5 in Unarmed Combat
  2772 | D:4      | Reached XP level 6. HP: 7/40 MP: 6/6
  3095 | D:4      | Killed from afar by an orc priest

Skill      XL: |  1  2  3  4  5 |
---------------+----------------+-----
Unarmed Combat | 3 4 5 |  5.2
Fighting       | 4 5 |  5.2
Armour         | |  3.2
Shields        | |  3.2

Action                   |  1- 3 |  4- 6 || total
-------------------------+-------+-------++-------
Melee: Unarmed           |   133 |   217 ||   350
       Punch             |     1 |     7 ||     8
  Eat: Ration            |       |     3 ||     3
Armor: Scale mail        |    85 |   171 ||   256
Dodge: Dodged            |    78 |   145 ||   223
